Map: Paladino Terminal LE

Players

nigimi

  • Race: Zerg Zerg
  • League: Diamond
  • Spawn Location: 9:00

TheMagician - Winner!

  • Race: Protoss Protoss
  • League: Diamond
  • Spawn Location: 5:00

VOD

Have the link to the VOD?

Description

Time

  • Played on: Jan. 31, 2017, 12:39 a.m.
  • Length: 17:33
Show
View Real Time Build Order
Export as new Build Order

nigimi Zerg 

Build Orders: Pool First 

Get SALT Encoding   

  12  0:03  Drone  
  13  0:08  Drone  
  14  0:27  Spawning Pool  
  13  0:31  Drone  
  14  0:40  Overlord  
  14  0:43  Extractor  
  14  0:46  Drone  
  15  0:57  Overlord  
  15  1:14  Zergling x4  
  15  1:15  Zergling x2  
  15  1:16  Queen  
  20  1:25  Zergling x2  
  21  1:36  Zergling x2  
  22  1:49  Hatchery  
  22  1:52  Zergling x2  
  22  1:57  Extractor  
  20  2:18  Drone  
  21  2:24  Evolution Chamber  
  21  2:27  Drone  
  21  2:43  Drone  
  22  3:02  Hatchery  
  21  3:12  Drone x4  
  25  3:13  Drone x2  
  27  3:26  Metabolic Boost  
  27  3:56  Drone x2  
  27  3:58  Overlord  
  29  4:14  Queen  
  31  4:18  Drone  
  31  4:20  Drone  
  31  4:21  Drone x3  
  36  4:27  Roach Warren  
  35  4:45  Drone  
  33  4:59  Drone  
  34  5:06  Queen  
  36  5:09  Roach  
  36  5:10  Roach x2  
  42  5:33  Overlord  
  42  5:34  Drone  
  43  5:54  Ravager x3  
  43  5:56  Spore Crawler  
  45  5:58  Drone x5  
  45  5:59  Spore Crawler, Drone x2  
  45  6:01  Lair  
  45  6:02  Overlord x2  
  51  6:12  Zergling x2  
  52  6:47  Zergling x2  
  52  6:48  Zergling x4  
  52  6:58  Extractor, Drone  
  52  6:59  Drone x7  
  59  7:07  Hatchery  
  58  7:27  Glial Reconstitution  
  58  7:28  Hydralisk Den  
  57  7:30  Extractor, Zergling x2, Overlord x3  
  57  7:31  Zergling x8  
  61  7:51  Queen  
  63  8:08  Hydralisk  
  63  8:09  Hydralisk x5  
  74  8:13  Spore Crawler x2  
  74  8:15  Spore Crawler  
  74  8:16  Spore Crawler  
  74  8:19  Hatchery  
  69  8:28  Hydralisk  
  71  8:45  Hydralisk  
  52  9:04  Drone  
  52  9:11  Drone  
  52  9:12  Drone  
  52  9:13  Spore Crawler  
  50  9:21  Queen  
  52  9:26  Hydralisk x2  
  54  9:41  Hydralisk  
  54  9:46  Hydralisk  
  49  10:12  Hydralisk x3  
  53  10:15  Muscular Augments  
  47  10:27  Hydralisk  
  49  10:29  Drone x2  
  49  10:30  Drone  
  49  10:33  Extractor  
  51  10:40  Overlord  
  51  10:45  Overlord  
  51  10:56  Burrow  
  51  11:01  Overlord x2  
  51  11:02  Extractor  
  50  11:19  Queen  
  50  11:22  Drone  
  50  11:23  Drone x2  
  55  11:32  Overlord x2  
  55  11:41  Overlord x2  
  55  11:49  Extractor  
  55  11:52  Zerg Missile Weapons Level 1, Hydralisk  
  56  12:01  Hydralisk  
  56  12:04  Drone  
  59  12:12  Hydralisk  
  61  12:27  Hydralisk x3  
  67  12:45  Hydralisk  
  69  13:14  Hydralisk  
  71  13:25  Hydralisk  
  71  13:26  Hydralisk  
  75  13:28  Overlord, Hatchery  
  75  13:29  Overlord  
  75  13:32  Overseer  
  74  13:35  Drone x2  
  74  13:37  Overlord x2  
  67  14:06  Drone x10  
  63  14:27  Hydralisk, Zerg Missile Weapons Level 2  
  63  14:28  Hydralisk  
  67  14:43  Hatchery  
  46  15:12  Hydralisk x5  
  44  15:17  Hydralisk  
  35  15:46  Hydralisk  
  33  15:54  Drone x4  
  21  16:01  Hydralisk  
  19  16:19  Infestation Pit  
  19  16:21  Drone  
  19  16:38  Hydralisk  
  21  16:41  Drone x5  
  21  17:01  Hydralisk  
Show
View Real Time Build Order
Export as new Build Order

TheMagician Protoss - Winner!

Build Orders:  

Get SALT Encoding   

  12  0:04  Probe (Chrono Boost)  
  13  0:14  Probe (Chrono Boost)  
  14  0:22  Pylon  
  15  0:35  Probe (Chrono Boost)  
  15  0:46  Probe (Chrono Boost)  
  15  0:47  Forge  
  16  0:56  Probe (Chrono Boost)  
  17  1:07  Probe (Chrono Boost)  
  18  1:18  Probe (Chrono Boost)  
  19  1:23  Photon Cannon  
  19  1:30  Pylon  
  19  1:34  Gateway  
  19  1:38  Assimilator  
  19  1:43  Assimilator  
  19  1:53  Pylon  
  19  1:58  Probe (Chrono Boost)  
  21  2:08  Probe (Chrono Boost)  
  21  2:11  Photon Cannon  
  21  2:29  Probe (Chrono Boost)  
  22  2:40  Probe (Chrono Boost), Photon Cannon  
  22  2:43  Photon Cannon  
  23  2:57  Probe (Chrono Boost)  
  23  3:08  Cybernetics Core  
  23  3:20  Pylon  
  23  3:30  Pylon  
  22  3:46  Mothership Core (Chrono Boost)  
  21  3:59  Photon Cannon  
  21  4:00  Photon Cannon  
  21  4:23  Pylon  
  21  4:24  Probe (Chrono Boost)  
  22  4:35  Probe (Chrono Boost)  
  23  4:53  Probe (Chrono Boost)  
  24  5:01  Pylon  
  24  5:04  Probe (Chrono Boost)  
  25  5:14  Probe (Chrono Boost)  
  26  5:30  Stargate  
  26  5:32  Stargate  
  26  5:36  Stargate  
  26  5:38  Photon Cannon  
  26  5:42  Pylon  
  26  5:52  Pylon  
  26  6:20  Void Ray x2  
  34  6:31  Void Ray  
  38  6:49  Photon Cannon  
  38  7:03  Void Ray  
  42  7:18  Void Ray  
  46  7:54  Void Ray  
  50  8:04  Void Ray  
  54  8:25  Void Ray  
  54  8:26  Pylon  
  38  9:15  Photon Cannon  
  38  9:16  Probe (Chrono Boost)  
  39  9:27  Probe (Chrono Boost)  
  40  10:24  Nexus  
  40  10:42  Probe (Chrono Boost)  
  41  10:52  Probe (Chrono Boost)  
  42  11:03  Probe (Chrono Boost)  
  43  11:13  Probe (Chrono Boost)  
  44  11:22  Oracle x2  
  50  11:31  Photon Cannon  
  50  11:35  Photon Cannon  
  50  11:40  Assimilator  
  50  11:44  Probe (Chrono Boost), Assimilator  
  51  11:48  Probe (Chrono Boost)  
  52  11:54  Probe (Chrono Boost)  
  52  11:59  Oracle  
  56  12:06  Probe (Chrono Boost)  
  57  12:31  Oracle  
  57  12:32  Oracle  
  63  12:46  Probe (Chrono Boost)  
  64  12:57  Probe (Chrono Boost)  
  65  13:03  Oracle  
  68  13:07  Probe (Chrono Boost)  
  69  13:18  Probe (Chrono Boost)  
  70  13:26  Oracle  
  70  13:28  Probe (Chrono Boost)  
  60  14:16  Oracle x3  
  57  14:19  Probe (Chrono Boost)  
  58  14:27  Probe (Chrono Boost)  
  58  14:30  Probe (Chrono Boost), Pylon  
  60  14:37  Probe (Chrono Boost), Pylon  
  62  14:51  Mothership Core (Chrono Boost)  
  63  14:57  Oracle x2  
  63  15:13  Oracle  
  59  15:47  Oracle  
  59  16:06  Void Ray  
  63  16:14  Void Ray  
  64  16:20  Pylon  
  64  16:21  Photon Cannon  
  64  16:23  Photon Cannon  
  64  16:24  Photon Cannon  
  64  16:34  Void Ray  
  72  17:04  Probe (Chrono Boost)  
  77  17:15  Probe (Chrono Boost)  
Tags
 
Add a new tag
Caveats
  • Supply blocks, unpowered buildings, or Contaminate may cause inaccurate times.
  • Supply counts are checked every 10 seconds.